 Dungeon Crawl Stone Soup version 0.25-a0-110-ge29c8f2358 (webtiles) character file.

Game seed: 10710336466121608652, levelgen mode: deterministic

149 Leeroy the Slasher (level 5, -3/41 HPs)
             Began as a Draconian Skald on Nov 19, 2019.
             Was an Initiate of Okawaru.
             Slain by a river rat (6 damage)
             ... on level 3 of the Dungeon.
             The game lasted 00:06:13 (2696 turns).

Leeroy the Slasher (Draconian Skald)                Turns: 2696, Time: 00:06:14

Health: -3/41      AC:  5    Str: 13    XL:     5   Next: 9%
Magic:  8/8        EV: 12    Int: 14    God:    Okawaru [......]
Gold:   149        SH:  0    Dex: 11    Spells: 4/8 levels left

rFire    . . .     SeeInvis .   p - +3 dagger (freeze)
rCold    . . .     Gourm    .   (no shield)
rNeg     . . .     Faith    .   (armour unavailable)
rPois    .         Spirit   .   (helmet restricted)
rElec    .         Reflect  .   (no cloak)
rCorr    .         Harm     .   (no gloves)
MR       .....                  (no boots)
Stlth    +.........             (no amulet)
HPRegen  0.13/turn              (no ring)
MPRegen  0.11/turn              (no ring)

@: no status effects
A: unfitting armour, cold-blooded, AC +5
a: Renounce Religion


You were on level 3 of the Dungeon.
You worshipped Okawaru.
Okawaru was noncommittal.
You were very hungry.

You visited 1 branch of the dungeon, and saw 3 of its levels.

You collected 149 gold pieces.

Inventory:

Hand Weapons
 a - a +0 falchion
 d - a +0 hunting sling
 e - a +0 short sword
 j - a +0 dagger
 o - a +0 short sword
 p - a +3 dagger of freezing (weapon)
 t - a +0 long sword
Missiles
 b - 145 stones (quivered)
 g - 27 poisoned darts
 k - 5 atropa-tipped darts
Jewellery
 l - an uncursed ring of resist corrosion {unknown}
 q - an uncursed amulet of the acrobat {unknown}
 s - an uncursed ring of ice {unknown}
Scrolls
 f - 3 scrolls of teleportation {unknown}
 h - a scroll of blinking {unknown}
 i - 2 scrolls of enchant weapon {unknown}
 m - a scroll of fear {unknown}
 n - 2 scrolls of fog {unknown}
 u - a scroll of magic mapping {unknown}
 v - a scroll of remove curse {unknown}
Potions
 r - a potion of curing {unknown}
 w - a potion of heal wounds {unknown}
Comestibles
 c - 8 rations


   Skills:
 - Level 2.1 Fighting
 - Level 5.2 Long Blades
 - Level 2.1 Dodging
 - Level 2.0 Spellcasting
 + Level 0.4 Hexes
 - Level 2.6 Charms


You had 4 spell levels left.
You knew the following spells:

 Your Spells              Type           Power        Failure   Level  Hunger
a - Infusion              Chrm           #...         8%          1    ##.....
b - Spectral Weapon       Hex/Chrm       #.......     36%         3    ####...

Your spell library contained the following spells:

 Spells                   Type           Power        Failure   Level  Hunger
 Song of Slaying          Chrm           #.......     12%         2    ###....
 Shroud of Golubria       Chrm/Tloc      #.....       21%         2    ###....
 Regeneration             Chrm/Necr      #.........   38%         3    ####...


Dungeon Overview and Level Annotations

Branches:
Dungeon (3/15)

Altars:
Okawaru
Qazlal
Trog

Portals:
Sewer: D:3


Innate Abilities, Weirdness & Mutations

Your plain brown scales are hard. (AC +5)
You cannot fit into any form of body armour.
You are cold-blooded and may be slowed by cold attacks.


Message History

You hit the river rat but do no damage.
The river rat is lightly wounded.
The river rat closely misses you. The rat misses you.
The river rat bites you but does no damage.
You barely miss the river rat.
The river rat is lightly wounded.
The rat bites you.
The river rat bites you but does no damage.
Unknown command.
You hit the river rat but do no damage.
The river rat is lightly wounded.
The rat splashes around in the water.
The river rat bites you. The rat misses you. The river rat bites you.
* * * LOW HITPOINT WARNING * * *
You hit the river rat. You freeze the river rat.
The river rat is moderately wounded.
The rat bites you but does no damage. The river rat bites you.
* * * LOW HITPOINT WARNING * * *
The rat splashes around in the water.
The river rat bites you.
You die...

.#....#######.##...#
.#..###.....#.##...#
........§._[#.##...#####
....###.....#.#........#
......#######.#.######.#
...#### #.#.#.#≈≈≈≈#.#
....# #.#...#≈≈≈≈#.#
....# #.###.#r≈∩≈#.#
###.## #.##..@r≈≈≈#.# #
#..######.##.r#r≈≈≈#.###
#
#.............######...#
#
#..######.###..........#
#...# #.# #.......[..#
###.#.###
#.###..........#
....†...#
#..............#
....##..#
#..............#
....##).#
#..............#


You could see 2 river rats and 2 rats.

Vanquished Creatures
  5 adders
  An ooze (D:3)
  2 worms
  2 dart slugs
  2 leopard geckos
  2 orcs (D:3)
  3 giant cockroaches
  8 goblins
  8 hobgoblins
  13 jackals
  A quokka (D:3)
  9 bats
  4 frilled lizards
  7 kobolds
  20 rats
87 creatures vanquished.

Vanquished Creatures (others)
  A goblin (D:2)
1 creature vanquished.

Grand Total: 88 creatures vanquished

Notes
Turn   | Place    | Note
-------+----------+-------------------------------------------
     0 | D:1      | Leeroy the Draconian Skald began the quest for the Orb.
     0 | D:1      | Reached XP level 1. HP: 17/17 MP: 3/3
    92 | D:1      | Reached XP level 2. HP: 16/24 MP: 5/5
   137 | D:1      | Reached skill level 3 in Long Blades
   640 | D:1      | Reached XP level 3. HP: 29/29 MP: 6/6
  1123 | D:2      | Reached skill level 4 in Long Blades
  1386 | D:2      | Learned a level 3 spell: Spectral Weapon
  1458 | D:2      | Reached XP level 4. HP: 35/36 MP: 7/7
  1612 | D:2      | Found an iron altar of Okawaru.
  1826 | D:2      | Became a worshipper of Warmaster Okawaru
  2370 | D:3      | Found a bloodstained altar of Trog.
  2419 | D:3      | Reached skill level 5 in Long Blades
  2474 | D:3      | Found a glowing drain.
  2526 | D:3      | Reached XP level 5. HP: 30/41 MP: 8/8
  2568 | D:3      | Found a stormy altar of Qazlal.
  2696 | D:3      | Slain by a river rat

Levels and vault maps discovered:
D:1:      saegor_arrival_simple_a, layout_rooms, st_stairs_5
D:2:      minmay_chambers_of_twos, layout_basic, lemuel_doored_altar,
          hex_medium, lemuel_another_geyser
D:3:      layout_basic, lemuel_round_altar, portal_sewer_entry_c, first_ration,
          trog_book

Skill      XL: |  1  2  3  4 |
---------------+-------------+-----
Long Blades    | 3 4 5 |  5.2
Fighting       | |  2.1
Dodging        | |  2.1
Spellcasting   | |  2.0
Hexes          | |  0.4
Charms         | |  2.6

Action                   |  1- 3 |  4- 6 || total
-------------------------+-------+-------++-------
Melee: Falchion          |   146 |     7 ||   153
       Tailslap          |    21 |     8 ||    29
       Dagger            |       |   117 ||   117
 Cast: Infusion          |     1 |       ||     1
  Eat: Chunk             |     2 |     3 ||     5
Armor: Skin              |    52 |    35 ||    87
Dodge: Dodged            |   119 |    81 ||   200
       Rpst.: Falchion   |    32 |     1 ||    33

Table legend:
 A = Non-vault XP
 B = Vault XP
 C = Vault XP percentage of total XP
 D = Non-vault monster count
 E = Vault monster count
 F = Vault count percentage of total count
                 A         B        C        D         E       F
            +---------+---------+-------+---------+---------+-------
      Total |     192 |      22 |  10.3 |      75 |      12 |  13.8
            +---------+---------+-------+---------+---------+-------
        D:1 |      60 |       4 |   6.2 |      37 |       3 |   7.5
        D:2 |      58 |      17 |  22.7 |      22 |       8 |  26.7
        D:3 |      74 |       1 |   1.3 |      16 |       1 |   5.9
            +---------+---------+-------+---------+---------+-------
